TOP OF THE 1ST |
Boston (APP) Red Sox batting - Pitching for Bluefield Blue Jays : LHP Bobby Enright
|
Pitching: LHP Bobby Enright
|
|
Batting: RHB Matt Hinkle
|
0-0: Ball 1-0: Ball 2-0: Foul Ball, location: 2F 2-1: Ball 3-1: Ground out 5-3 (Groundball, 56S, EV 84.4 MPH)
|
Batting: LHB Stanislav Parusov
|
0-0: Ball 1-0: Swinging Strike 1-1: Ground out 5-3 (Groundball, 56S, EV 70.0 MPH)
|
Batting: RHB Frank Sokolosky
|
0-0: Ball 1-0: Swinging Strike 1-1: Foul Ball, location: 2F 1-2: Ground out U3 (Groundball, 3L, EV 94.4 MPH)
|
Top of the 1st over - 0 runs, 0 hits, 0 errors, 0 left on base; Boston (APP) 0 - Bluefield 0 |
BOTTOM OF THE 1ST |
Bluefield Blue Jays batting - Pitching for Boston (APP) Red Sox : RHP Chris Cory
|
Pitching: RHP Chris Cory
|
|
Batting: RHB Justin Geiger
|
0-0: Ball 1-0: DOUBLE (Line Drive, 7LM, EV 111.2 MPH)
|
Batting: RHB Justin Powell
|
0-0: Called Strike 0-1: Ball 1-1: Ball 2-1: SINGLE (Line Drive, 3D, EV 94.4 MPH) Justin Geiger to third Runner from 3rd tries for Home, SAFE, throw by RF to home Justin Powell to second
|
Batting: RHB Taylor Peavey
|
0-0: Ball 1-0: Called Strike 1-1: Fly out, F3 (Popup, 3S, EV 84.4 MPH)
|
Batting: RHB Jordan Fairburn
|
0-0: Called Strike 0-1: Ball 1-1: Swinging Strike 1-2: Ball 2-2: Fly out, F9 (Flyball, 89M, EV 91.2 MPH)
|
Batting: SHB Jack Andrews
|
0-0: Swinging Strike 0-1: Called Strike 0-2: Ball 1-2: Ball 2-2: Strikes out swinging
|
Bottom of the 1st over - 1 run, 2 hits, 0 errors, 1 left on base; Boston (APP) 0 - Bluefield 1 |
TOP OF THE 2ND |
Boston (APP) Red Sox batting - Pitching for Bluefield Blue Jays : LHP Bobby Enright
|
Batting: RHB William Lung
|
0-0: Swinging Strike 0-1: Ball 1-1: Swinging Strike 1-2: Strikes out looking
|
Batting: LHB Frank Olivo
|
0-0: Called Strike 0-1: Ball 1-1: Ball 2-1: Called Strike 2-2: Ground out 4-3 (Groundball, 4, EV 87.5 MPH)
|
Batting: RHB John Doucette
|
0-0: Ball 1-0: Ball 2-0: Fly out, F9 (Line Drive, 9LM, EV 111.2 MPH)
|
Top of the 2nd over - 0 runs, 0 hits, 0 errors, 0 left on base; Boston (APP) 0 - Bluefield 1 |
BOTTOM OF THE 2ND |
Bluefield Blue Jays batting - Pitching for Boston (APP) Red Sox : RHP Chris Cory
|
Batting: RHB Jose Ontiveros
|
0-0: Foul Ball, location: 2F 0-1: Foul Ball, location: 2F 0-2: Ball 1-2: Foul Ball, location: 2F 1-2: Ball 2-2: Ball 3-2: Foul Ball, location: 2F 3-2: Ground out 6-3 (Groundball, 6MS, EV 85.6 MPH)
|
Batting: RHB Wade Diamond
|
0-0: Ball 1-0: Ball 2-0: Foul Ball, location: 2F 2-1: Ball 3-1: Foul Ball, location: 2F 3-2: Foul Ball, location: 2F 3-2: Foul Ball, location: 2F 3-2: Strikes out swinging
|
Batting: RHB Tokuji Kawabata
|
0-0: Ball 1-0: Foul Ball, location: 2F 1-1: Called Strike 1-2: Fly out, F7 (Flyball, 7LM, EV 94.4 MPH)
|
Bottom of the 2nd over - 0 runs, 0 hits, 0 errors, 0 left on base; Boston (APP) 0 - Bluefield 1 |
TOP OF THE 3RD |
Boston (APP) Red Sox batting - Pitching for Bluefield Blue Jays : LHP Bobby Enright
|
Batting: RHB Dominique Paolozzi
|
0-0: Fly out, F6 (Popup, 6, EV 64.4 MPH)
|
Batting: RHB Rogelio Cervantes
|
0-0: Called Strike 0-1: Ball 1-1: Foul Ball, location: 2F 1-2: Strikes out swinging
|
Batting: RHB Joe Booth
|
0-0: Ball 1-0: Ball 2-0: Ball 3-0: Called Strike 3-1: Swinging Strike 3-2: Base on Balls
|
Batting: RHB Matt Hinkle
|
0-0: Ball 1-0: Called Strike 1-1: Ball 2-1: Foul Ball, location: 2F 2-2: SINGLE (Groundball, 56S, EV 68.8 MPH) (infield hit) Joe Booth to second
|
Batting: LHB Stanislav Parusov
|
0-0: Called Strike 0-1: Ball 1-1: Swinging Strike 1-2: Ball 2-2: Strikes out swinging
|
Top of the 3rd over - 0 runs, 1 hit, 0 errors, 2 left on base; Boston (APP) 0 - Bluefield 1 |
BOTTOM OF THE 3RD |
Bluefield Blue Jays batting - Pitching for Boston (APP) Red Sox : RHP Chris Cory
|
Batting: RHB David Cooper
|
0-0: Ball 1-0: Ball 2-0: Foul Ball, location: 2F 2-1: Ground out 5-3 (Groundball, 15, EV 90.6 MPH)
|
Batting: RHB Justin Geiger
|
0-0: Swinging Strike 0-1: Ball 1-1: Ball 2-1: Foul Ball, location: 2F 2-2: Ball 3-2: Foul Ball, location: 2F 3-2: Ground out 3-1 (Groundball, 34S, EV 85.6 MPH)
|
Batting: RHB Justin Powell
|
0-0: Ball 1-0: Ground out 1-3 (Groundball, 13S, EV 65.0 MPH)
|
Bottom of the 3rd over - 0 runs, 0 hits, 0 errors, 0 left on base; Boston (APP) 0 - Bluefield 1 |
TOP OF THE 4TH |
Boston (APP) Red Sox batting - Pitching for Bluefield Blue Jays : LHP Bobby Enright
|
Batting: RHB Frank Sokolosky
|
0-0: SINGLE (Line Drive, 9S, EV 95.6 MPH)
|
Batting: RHB William Lung
|
0-0: Ball 1-0: Called Strike 1-1: Ball 2-1: Ball 3-1: Swinging Strike 3-2: 2-RUN HOME RUN (Flyball, 9D, EV 96.9 MPH), Distance : 379 ft
|
Batting: LHB Frank Olivo
|
0-0: Ball 1-0: SINGLE (Flyball, 9LS, EV 91.2 MPH)
|
Batting: RHB John Doucette
|
0-0: Ball 1-0: Ball 2-0: Foul Ball, location: 2F 2-1: Ball Wild Pitch! Frank Olivo to second 3-1: Intentional Walk
|
Batting: RHB Dominique Paolozzi
|
0-0: DOUBLE (Line Drive, 9LM, EV 98.1 MPH) Frank Olivo scores John Doucette to third
|
Batting: RHB Rogelio Cervantes
|
0-0: Foul Ball, location: 2F 0-1: Ball 1-1: Swinging Strike 1-2: Ball 2-2: Foul Ball, location: 2F 2-2: Foul Ball, location: 2F 2-2: Foul Ball, location: 2F 2-2: Ball 3-2: Ground out 4-3 (Groundball, 4, EV 80.6 MPH)
|
Batting: RHB Joe Booth
|
0-0: Foul Ball, location: 2F 0-1: Ball 1-1: Ball 2-1: Fly out, F4 (Popup, 4M, EV 53.8 MPH)
|
Batting: RHB Matt Hinkle
|
0-0: Intentional Walk
|
Batting: LHB Stanislav Parusov
|
0-0: Ball 1-0: Ball 2-0: Ball 3-0: Called Strike 3-1: TRIPLE (Flyball, 7D, EV 102.5 MPH) John Doucette scores Dominique Paolozzi scores Matt Hinkle scores
|
Pitching: RHP Joe Spencer
|
|
Batting: RHB Frank Sokolosky
|
0-0: Ball 1-0: Called Strike 1-1: Called Strike 1-2: Foul Ball, location: 2F 1-2: Strikes out swinging
|
Top of the 4th over - 6 runs, 5 hits, 0 errors, 1 left on base; Boston (APP) 6 - Bluefield 1 |
BOTTOM OF THE 4TH |
Bluefield Blue Jays batting - Pitching for Boston (APP) Red Sox : RHP Chris Cory
|
Batting: RHB Taylor Peavey
|
0-0: Ball 1-0: Fly out, F8 (Line Drive, 8RM, EV 100.0 MPH)
|
Batting: RHB Jordan Fairburn
|
0-0: Called Strike 0-1: Ground out 5-3 (Groundball, 5S, EV 63.8 MPH)
|
Batting: SHB Jack Andrews
|
0-0: Ball 1-0: Called Strike 1-1: Swinging Strike 1-2: Strikes out swinging
|
Bottom of the 4th over - 0 runs, 0 hits, 0 errors, 0 left on base; Boston (APP) 6 - Bluefield 1 |
TOP OF THE 5TH |
Boston (APP) Red Sox batting - Pitching for Bluefield Blue Jays : RHP Joe Spencer
|
Batting: RHB William Lung
|
0-0: Foul Ball, location: 2F 0-1: Called Strike 0-2: Ball 1-2: Foul Ball, location: 2F 1-2: Ball 2-2: Foul Ball, location: 2F 2-2: Ball 3-2: Base on Balls
|
Batting: LHB Frank Olivo
|
0-0: Called Strike 0-1: Foul Ball, location: 2F 0-2: Strikes out swinging
|
Batting: RHB John Doucette
|
0-0: Ball 1-0: Ball 2-0: Ball 3-0: Called Strike 3-1: Base on Balls William Lung to second
|
Batting: RHB Dominique Paolozzi
|
0-0: Ball 1-0: SINGLE (Line Drive, 34D, EV 95.6 MPH) William Lung to third John Doucette to second
|
Batting: RHB Rogelio Cervantes
|
0-0: Called Strike 0-1: Fielders Choice at 2nd, 5-4 (Groundball, 56, EV 108.1 MPH) William Lung scores John Doucette to third
|
Batting: RHB Joe Booth
|
0-0: Ball Rogelio Cervantes steals 2nd base 1-0: Ground out 4-3 (Groundball, 4, EV 87.5 MPH)
|
Top of the 5th over - 1 run, 1 hit, 0 errors, 2 left on base; Boston (APP) 7 - Bluefield 1 |
BOTTOM OF THE 5TH |
Bluefield Blue Jays batting - Pitching for Boston (APP) Red Sox : RHP Chris Cory
|
Batting: RHB Jose Ontiveros
|
0-0: Ball 1-0: Hit by Pitch
|
Batting: RHB Wade Diamond
|
0-0: Ball 1-0: Ball 2-0: Ball 3-0: Called Strike 3-1: Base on Balls Jose Ontiveros to second
|
Batting: RHB Tokuji Kawabata
|
0-0: Ball 1-0: Ball 2-0: Called Strike 2-1: Fly out, F8 (Flyball, 89D, EV 80.0 MPH) Runner from 2nd tags up, SAFE at 3rd, no throw by CF
|
Batting: RHB David Cooper
|
0-0: Ball Wade Diamond steals 2nd base 1-0: Foul Ball, location: 2F 1-1: Ball Wild Pitch! Jose Ontiveros scores Wade Diamond to third 2-1: SINGLE (Groundball, 5S, EV 70.0 MPH) (infield hit) Wade Diamond scores
|
Batting: RHB Justin Geiger
|
0-0: Ground out 6-3 (Groundball, 6, EV 106.2 MPH) David Cooper to second
|
Batting: RHB Justin Powell
|
0-0: Ball 1-0: SINGLE (Line Drive, 6D, EV 96.2 MPH) David Cooper to third
|
Batting: RHB Taylor Peavey
|
0-0: Ball 1-0: Ball 2-0: Ball 3-0: Called Strike 3-1: Base on Balls Justin Powell to second
|
Batting: RHB Jordan Fairburn
|
0-0: Called Strike 0-1: Ball 1-1: Foul Ball, location: 2F 1-2: Ball 2-2: Strikes out swinging
|
Bottom of the 5th over - 2 runs, 2 hits, 0 errors, 3 left on base; Boston (APP) 7 - Bluefield 3 |
TOP OF THE 6TH |
Boston (APP) Red Sox batting - Pitching for Bluefield Blue Jays : RHP Joe Spencer
|
Batting: RHB Matt Hinkle
|
0-0: Ball 1-0: Ball 2-0: Foul Ball, location: 2F 2-1: Foul Ball, location: 2F 2-2: Foul Ball, location: 2F 2-2: Strikes out swinging
|
Batting: LHB Stanislav Parusov
|
0-0: Ball 1-0: Called Strike 1-1: Fly out, F7 (Line Drive, 7, EV 92.5 MPH)
|
Batting: RHB Frank Sokolosky
|
0-0: Ball 1-0: Ball 2-0: Ball 3-0: Called Strike 3-1: SINGLE (Line Drive, 34, EV 110.0 MPH)
|
Pitching: RHP Bobby Leija
|
|
Batting: RHB William Lung
|
0-0: SINGLE (Line Drive, 9S, EV 111.2 MPH) Frank Sokolosky to second
|
Batting: LHB Frank Olivo
|
0-0: Called Strike 0-1: Ball 1-1: Swinging Strike 1-2: Foul Ball, location: 2F 1-2: Foul Ball, location: 2F 1-2: Strikes out swinging
|
Top of the 6th over - 0 runs, 2 hits, 0 errors, 2 left on base; Boston (APP) 7 - Bluefield 3 |
BOTTOM OF THE 6TH |
Bluefield Blue Jays batting - Pitching for Boston (APP) Red Sox : RHP Chris Cory
|
Pitching: LHP Eddie Contreras
|
|
Batting: SHB Jack Andrews
|
0-0: Foul Ball, location: 2F 0-1: Ball 1-1: SOLO HOME RUN (Flyball, 7D, EV 99.4 MPH), Distance : 383 ft
|
Batting: RHB Jose Ontiveros
|
0-0: Foul Ball, location: 2F 0-1: Ball 1-1: Called Strike 1-2: Ball 2-2: Ground out 6-3 (Groundball, 6, EV 106.2 MPH)
|
Batting: RHB Wade Diamond
|
0-0: Ball 1-0: Called Strike 1-1: Ball 2-1: Ball 3-1: Swinging Strike 3-2: Base on Balls
|
Batting: RHB Tokuji Kawabata
|
0-0: Ball Wade Diamond steals 2nd base 1-0: Called Strike Wade Diamond steals 3rd base 1-1: Ball Wild Pitch! Wade Diamond scores 2-1: Foul Ball, location: 2F 2-2: Ball 3-2: Ground out 3-1 (Groundball, 34, EV 106.9 MPH)
|
Batting: RHB David Cooper
|
0-0: Called Strike 0-1: Called Strike 0-2: Strikes out looking
|
Bottom of the 6th over - 2 runs, 1 hit, 0 errors, 0 left on base; Boston (APP) 7 - Bluefield 5 |
TOP OF THE 7TH |
Boston (APP) Red Sox batting - Pitching for Bluefield Blue Jays : RHP Bobby Leija
|
Batting: RHB John Doucette
|
0-0: Ground out U3 (Groundball, 34, EV 83.1 MPH)
|
Batting: RHB Dominique Paolozzi
|
0-0: Ball 1-0: Called Strike 1-1: DOUBLE (Line Drive, 8LXD, EV 104.4 MPH)
|
Batting: RHB Rogelio Cervantes
|
0-0: Intentional Walk
|
Batting: RHB Joe Booth
|
0-0: Ball 1-0: Foul Ball, location: 2F 1-1: Ball 2-1: Grounds into double play, 6-4-3 (Groundball, 6, EV 86.2 MPH)
|
Top of the 7th over - 0 runs, 1 hit, 0 errors, 1 left on base; Boston (APP) 7 - Bluefield 5 |
BOTTOM OF THE 7TH |
Bluefield Blue Jays batting - Pitching for Boston (APP) Red Sox : LHP Eddie Contreras
|
Pitching: RHP Victor Escobar
|
|
Batting: RHB Justin Geiger
|
0-0: Swinging Strike 0-1: Swinging Strike 0-2: Strikes out swinging
|
Batting: RHB Justin Powell
|
0-0: SINGLE (Groundball, 56S, EV 73.1 MPH) (infield hit)
|
Batting: RHB Taylor Peavey
|
0-0: Ball Justin Powell steals 2nd base 1-0: Ball Justin Powell steals 3rd base 2-0: Swinging Strike 2-1: Foul Ball, location: 2F 2-2: Ground out 5-3 (Groundball, 5, EV 102.5 MPH)
|
Pinch Hitting: LHB Cesar Arteaga
|
0-0: Ball 1-0: Ball Passed Ball! Justin Powell scores 2-0: Called Strike 2-1: Ball 3-1: Ground out U3 (Groundball, 3S, EV 90.6 MPH)
|
Bottom of the 7th over - 1 run, 1 hit, 0 errors, 0 left on base; Boston (APP) 7 - Bluefield 6 |
TOP OF THE 8TH |
Boston (APP) Red Sox batting - Pitching for Bluefield Blue Jays : RHP Bobby Leija
|
Pitching: RHP Dave Kurtz
|
|
Now at 2B: Cesar Arteaga
|
|
Batting: RHB Matt Hinkle
|
0-0: Ball 1-0: Ball 2-0: Called Strike 2-1: Foul Ball, location: 2F 2-2: Strikes out swinging
|
Batting: LHB Stanislav Parusov
|
0-0: Called Strike 0-1: Ball 1-1: Foul Ball, location: 2F 1-2: Foul Ball, location: 2F 1-2: Ball 2-2: SINGLE (Groundball, 4MS, EV 68.8 MPH) (infield hit)
|
Batting: RHB Frank Sokolosky
|
0-0: Called Strike 0-1: Fielders Choice at 2nd, 5-4 (Groundball, 56, EV 102.5 MPH)
|
Batting: RHB William Lung
|
0-0: Ball Frank Sokolosky is caught stealing 2nd base 2-4
|
Top of the 8th over - 0 runs, 1 hit, 0 errors, 0 left on base; Boston (APP) 7 - Bluefield 6 |
BOTTOM OF THE 8TH |
Bluefield Blue Jays batting - Pitching for Boston (APP) Red Sox : RHP Victor Escobar
|
Batting: SHB Jack Andrews
|
0-0: Foul Ball, location: 2F 0-1: Swinging Strike 0-2: Strikes out swinging
|
Pinch Hitting: SHB Scott Robbins
|
0-0: Ball 1-0: Foul Ball, location: 2F 1-1: Ball 2-1: Foul Ball, location: 2F 2-2: Ground out 6-3 (Groundball, 6MS, EV 81.9 MPH)
|
Batting: RHB Wade Diamond
|
0-0: Foul Ball, location: 2F 0-1: SOLO HOME RUN (Flyball, 7D, EV 99.4 MPH), Distance : 371 ft
|
Batting: RHB Tokuji Kawabata
|
0-0: Swinging Strike 0-1: Foul Ball, location: 2F 0-2: Strikes out swinging
|
Bottom of the 8th over - 1 run, 1 hit, 0 errors, 0 left on base; Boston (APP) 7 - Bluefield 7 |
TOP OF THE 9TH |
Boston (APP) Red Sox batting - Pitching for Bluefield Blue Jays : RHP Dave Kurtz
|
Pitching: LHP Dylan Batstone
|
|
Now in CF: Justin Powell
|
|
Now in RF: Scott Robbins
|
|
Batting: RHB William Lung
|
0-0: Ball 1-0: Ball 2-0: SOLO HOME RUN (Flyball, 7D, EV 97.5 MPH), Distance : 377 ft
|
Batting: LHB Frank Olivo
|
0-0: Ball 1-0: Foul Ball, location: 2F 1-1: Foul Ball, location: 2F 1-2: Foul Ball, location: 2F 1-2: Fly out, F5 (Line Drive, 5, EV 68.1 MPH)
|
Batting: RHB John Doucette
|
0-0: Ball 1-0: Ball 2-0: Foul Ball, location: 2F 2-1: Ball 3-1: Called Strike 3-2: SINGLE (Groundball, 34, EV 98.1 MPH)
|
Batting: RHB Dominique Paolozzi
|
0-0: Ball 1-0: Swinging Strike 1-1: Fly out, F5 (Line Drive, 5, EV 70.6 MPH)
|
Batting: RHB Rogelio Cervantes
|
0-0: Swinging Strike 0-1: Swinging Strike 0-2: Strikes out looking
|
Top of the 9th over - 1 run, 2 hits, 0 errors, 1 left on base; Boston (APP) 8 - Bluefield 7 |
BOTTOM OF THE 9TH |
Bluefield Blue Jays batting - Pitching for Boston (APP) Red Sox : RHP Victor Escobar
|
Pitching: RHP Juan Mejia
|
|
Pinch Hitting: LHB Brennan Crisp
|
0-0: Called Strike 0-1: Ball 1-1: Swinging Strike 1-2: Ball 2-2: Ground out 5-3 (Groundball, 5, EV 85.0 MPH)
|
Batting: RHB Justin Geiger
|
0-0: Called Strike 0-1: SINGLE (Groundball, 56S, EV 65.0 MPH) (infield hit)
|
Batting: RHB Justin Powell
|
0-0: Ball 1-0: Ball Wild Pitch! Justin Geiger to second 2-0: Called Strike 2-1: Swinging Strike 2-2: Fly out, F4 (Popup, 4M, EV 60.6 MPH)
|
Batting: RHB Taylor Peavey
|
0-0: Called Strike 0-1: Ball 1-1: Ball 2-1: Ground out 4-3 (Groundball, 34, EV 109.4 MPH)
|
Bottom of the 9th over - 0 runs, 1 hit, 0 errors, 1 left on base; Boston (APP) 8 - Bluefield 7 |
|